[ AOE2 MATCH · #513589592 ]
UnrankedCumans vs Hindustanis
Player's team · LOSS
[ REPLAY ANALYSIS · EXTRACTED FROM THE RECORDED GAME ]
Feudal
—
Castle
—
Imperial
—
| APM avg | 72.3 |
| APM peak | 129 |
| eAPM avg | 36.5 |
| Villagers / military | 130 / 150 |
Focus
⚔️ 38.3% · 🌾 61.7%
Knight ×48 · Skirmisher ×45 · Spearman ×32 · Archer ×12 · Battering Ram ×4 · Mangonel ×3
Feudal
10:06
Castle
20:15
Imperial
35:43
| APM avg | 48.3 |
| APM peak | 104 |
| eAPM avg | 21.8 |
| Villagers / military | 157 / 95 |
Focus
⚔️ 41.2% · 🌾 58.8%
Cavalry Archer ×23 · Ghulam ×21 · Camel Scout ×21 · Archer ×12 · Skirmisher ×6 · Trebuchet (Packed) ×4
Match map
Initial resources + every placement click. Lines = walls · curves = elevation contours. ◆ gold · ⬟ stone · ● berries · ✦ relic · ◌ wall gap
Your base· Open — 3t gap
Sanwald's base· Open — unwalled flank
Smoothed initial terrain · ◌ = detected wall gap · hover for details
Inputs per minute
— sansarr_ - - Sanwald
Build order — sansarr_
First 150 of 485 actions detected
| 0:01 | Build | House |
| 0:02 | Build | House |
| 0:03 | Queue | Villager (Male) |
| 0:06 | Queue | Villager (Male) |
| 0:06 | Queue | Villager (Male) |
| 0:06 | Queue | Villager (Male) |
| 1:21 | Queue | Villager (Male) |
| 1:49 | Queue | Villager (Male) |
| 2:11 | Queue | Villager (Male) |
| 2:17 | Build | Lumber Camp |
| 2:41 | Queue | Villager (Male) |
| 2:59 | Queue | Villager (Male) |
| 3:29 | Build | House |
| 3:38 | Queue | Villager (Male) |
| 3:38 | Queue | Villager (Male) |
| 3:58 | Build | Palisade Wall |
| 4:01 | Queue | Villager (Male) |
| 4:01 | Queue | Villager (Male) |
| 4:49 | Build | Palisade Wall |
| 4:50 | Build | Palisade Wall |
| 5:05 | Queue | Villager (Male) |
| 5:05 | Queue | Villager (Male) |
| 5:33 | Build | Mining Camp |
| 5:51 | Queue | Villager (Male) |
| 5:51 | Research | Loom |
| 6:40 | Research | Feudal Age |
| 7:11 | Build | Palisade Wall |
| 7:12 | Build | Palisade Wall |
| 7:27 | Queue | Villager (Male) |
| 7:38 | Build | Palisade Wall |
| 7:57 | Build | Barracks |
| 8:13 | Build | House |
| 8:22 | Queue | Villager (Male) |
| 8:27 | Build | Palisade Wall |
| 8:28 | Build | Palisade Wall |
| 8:43 | Queue | Villager (Male) |
| 8:57 | Queue | Villager (Male) |
| 8:58 | Build | Archery Range |
| 9:09 | Research | Double-Bit Axe |
| 9:13 | Build | House |
| 9:27 | Build | House |
| 9:38 | Queue | Archer |
| 9:39 | Queue | Archer |
| 9:47 | Queue | Villager (Male) |
| 10:02 | Build | Mill |
| 10:07 | Build | Palisade Wall |
| 10:08 | Build | Palisade Wall |
| 10:13 | Queue | Villager (Male) |
| 10:15 | Queue | Archer |
| 10:59 | Build | House |
| 11:15 | Build | Archery Range |
| 11:24 | Queue | Villager (Male) |
| 11:28 | Build | Farm |
| 11:29 | Build | Farm |
| 11:29 | Build | Farm |
| 11:29 | Build | Farm |
| 11:29 | Build | Farm |
| 11:30 | Build | Farm |
| 11:41 | Queue | Archer |
| 11:43 | Build | House |
| 11:49 | Build | Palisade Wall |
| 11:50 | Build | Palisade Wall |
| 12:28 | Queue | Villager (Male) |
| 12:28 | Queue | Villager (Male) |
| 12:37 | Queue | Archer |
| 12:38 | Queue | Villager (Male) |
| 12:40 | Build | Farm |
| 12:41 | Build | Farm |
| 12:52 | Queue | Archer |
| 12:53 | Queue | Archer |
| 12:53 | Queue | Archer |
| 13:05 | Queue | Archer |
| 13:05 | Queue | Archer |
| 13:27 | Queue | Villager (Male) |
| 13:39 | Build | Farm |
| 13:49 | Queue | Villager (Male) |
| 13:53 | Queue | Archer |
| 14:04 | Build | Stable |
| 14:18 | Queue | Villager (Male) |
| 14:22 | Build | Farm |
| 14:33 | Queue | Skirmisher |
| 14:33 | Queue | Skirmisher |
| 14:41 | Queue | Scout Cavalry |
| 14:41 | Queue | Scout Cavalry |
| 14:43 | Queue | Villager (Male) |
| 14:55 | Build | Farm |
| 15:01 | Queue | Skirmisher |
| 15:01 | Queue | Skirmisher |
| 15:06 | Queue | Villager (Male) |
| 15:18 | Build | Farm |
| 15:22 | Queue | Skirmisher |
| 15:29 | Queue | Villager (Male) |
| 15:38 | Build | Farm |
| 15:49 | Queue | Skirmisher |
| 15:49 | Queue | Skirmisher |
| 15:51 | Queue | Villager (Male) |
| 15:53 | Build | House |
| 15:56 | Build | House |
| 15:59 | Build | House |
| 16:13 | Build | Blacksmith |
| 16:19 | Queue | Villager (Male) |
| 16:30 | Build | Mining Camp |
| 16:46 | Queue | Villager (Male) |
| 16:47 | Build | Farm |
| 17:01 | Research | Fletching |
| 17:01 | Research | Fletching |
| 17:01 | Research | Fletching |
| 17:04 | Queue | Villager (Male) |
| 17:07 | Build | Farm |
| 17:21 | Build | Farm |
| 17:36 | Queue | Villager (Male) |
| 17:37 | Build | Farm |
| 17:39 | Build | House |
| 17:49 | Build | Farm |
| 18:26 | Queue | Villager (Male) |
| 18:28 | Build | Farm |
| 18:45 | Queue | Villager (Male) |
| 18:48 | Build | Market |
| 18:59 | Queue | Villager (Male) |
| 19:22 | Research | Horse Collar |
| 19:23 | Research | Horse Collar |
| 19:36 | Research | Castle Age |
| 19:49 | Research | Gold Mining |
| 19:49 | Research | Gold Mining |
| 19:59 | Queue | Archer |
| 20:02 | Research | Padded Archer Armor |
| 20:02 | Research | Padded Archer Armor |
| 20:03 | Queue | Villager (Male) |
| 20:22 | Queue | Skirmisher |
| 20:22 | Queue | Skirmisher |
| 20:32 | Queue | Villager (Male) |
| 20:56 | Build | Town Center |
| 21:07 | Queue | Skirmisher |
| 21:25 | Queue | Skirmisher |
| 21:25 | Queue | Skirmisher |
| 21:44 | Queue | Skirmisher |
| 22:05 | Queue | Skirmisher |
| 22:05 | Queue | Skirmisher |
| 22:05 | Queue | Skirmisher |
| 22:15 | Queue | Villager (Male) |
| 22:15 | Queue | Villager (Male) |
| 22:15 | Queue | Villager (Male) |
| 22:21 | Queue | Villager (Male) |
| 22:25 | Research | Bodkin Arrow |
| 22:25 | Research | Bodkin Arrow |
| 22:25 | Research | Bodkin Arrow |
| 22:45 | Research | Bow Saw |
| 22:45 | Research | Bow Saw |
| 22:57 | Research | Heavy Plow |
| 23:01 | Queue | Skirmisher |
Build order — Sanwald
First 150 of 374 actions detected
| 0:01 | Queue | Villager (Male) ×4 |
| 0:04 | Build | House |
| 0:05 | Build | House |
| 1:24 | Queue | Villager (Male) |
| 1:55 | Build | Lumber Camp |
| 2:02 | Queue | Villager (Male) |
| 2:02 | Queue | Villager (Male) |
| 2:34 | Queue | Villager (Male) |
| 3:02 | Queue | Villager (Male) |
| 3:02 | Queue | Villager (Male) |
| 3:02 | Queue | Villager (Male) |
| 3:45 | Queue | Villager (Male) |
| 3:51 | Build | House |
| 4:04 | Queue | Villager (Male) |
| 4:38 | Build | Barracks |
| 4:48 | Queue | Villager (Male) |
| 5:07 | Build | House |
| 5:22 | Queue | Villager (Male) |
| 5:39 | Queue | Militia |
| 5:43 | Queue | Villager (Male) |
| 5:54 | Queue | Militia |
| 6:05 | Queue | Villager (Male) |
| 6:13 | Build | Mill |
| 6:19 | Queue | Militia |
| 6:35 | Build | House |
| 6:40 | Queue | Villager (Male) |
| 6:53 | Queue | Villager (Male) |
| 7:23 | Research | Loom |
| 7:54 | Research | Feudal Age |
| 8:23 | Build | House |
| 9:05 | Build | Mining Camp |
| 9:59 | Queue | Villager (Male) |
| 10:06 | Age | Feudal Age |
| 10:08 | Build | Archery Range |
| 10:13 | Build | Archery Range |
| 10:24 | Queue | Villager (Male) |
| 10:26 | Research | Double-Bit Axe |
| 10:49 | Queue | Villager (Male) |
| 11:03 | Queue | Skirmisher |
| 11:03 | Queue | Skirmisher |
| 11:08 | Queue | Villager (Male) |
| 11:16 | Research | Horse Collar |
| 11:23 | Queue | Villager (Male) |
| 11:25 | Queue | Skirmisher |
| 11:25 | Queue | Skirmisher |
| 11:40 | Build | House |
| 12:03 | Queue | Skirmisher |
| 12:03 | Queue | Skirmisher |
| 12:33 | Queue | Villager (Male) |
| 12:39 | Build | Farm |
| 12:43 | Build | Farm |
| 12:44 | Build | Farm |
| 12:51 | Queue | Archer |
| 12:52 | Queue | Archer |
| 12:52 | Queue | Villager (Male) |
| 13:08 | Queue | Villager (Male) |
| 13:16 | Build | Blacksmith |
| 13:19 | Build | House |
| 13:21 | Build | Palisade Wall |
| 13:23 | Queue | Villager (Male) |
| 13:29 | Queue | Archer |
| 13:30 | Queue | Archer |
| 13:50 | Build | Farm |
| 13:51 | Build | Farm |
| 14:02 | Queue | Villager (Male) |
| 14:05 | Build | House |
| 14:06 | Build | House |
| 14:09 | Research | Fletching |
| 14:29 | Research | Wheelbarrow |
| 14:30 | Build | Farm |
| 14:31 | Build | Farm |
| 14:40 | Build | Lumber Camp |
| 14:52 | Build | House |
| 14:54 | Build | Palisade Wall |
| 14:59 | Build | Palisade Wall |
| 15:01 | Queue | Villager (Male) |
| 15:19 | Build | Farm |
| 15:33 | Build | Palisade Wall |
| 15:37 | Build | Farm |
| 15:42 | Queue | Archer |
| 15:42 | Queue | Archer |
| 16:04 | Build | House |
| 16:06 | Build | Palisade Wall |
| 16:07 | Queue | Villager (Male) |
| 16:25 | Queue | Villager (Male) |
| 16:26 | Build | Farm |
| 16:32 | Build | Farm |
| 16:36 | Build | Farm |
| 16:40 | Queue | Archer |
| 16:40 | Queue | Archer |
| 16:49 | Queue | Villager (Male) |
| 17:35 | Research | Castle Age |
| 17:48 | Build | Stable |
| 18:06 | Build | Farm |
| 18:09 | Build | Farm |
| 18:31 | Build | Palisade Gate |
| 18:40 | Research | Padded Archer Armor |
| 18:50 | Queue | Archer |
| 18:50 | Queue | Archer |
| 19:03 | Research | Gold Mining |
| 19:26 | Queue | Archer |
| 19:27 | Queue | Archer |
| 19:38 | Queue | Villager (Male) |
| 20:15 | Age | Castle Age |
| 20:19 | Research | Bodkin Arrow |
| 20:19 | Research | Crossbowman (upgrade) |
| 20:23 | Build | University |
| 20:29 | Research | Bow Saw |
| 20:51 | Queue | Villager (Male) |
| 21:00 | Queue | Villager (Male) |
| 21:23 | Queue | Villager (Male) |
| 21:30 | Research | Ballistics |
| 21:45 | Queue | Villager (Male) |
| 22:06 | Queue | Villager (Male) |
| 22:20 | Build | Town Center |
| 22:33 | Queue | Villager (Male) |
| 22:34 | Queue | Cavalry Archer |
| 22:34 | Queue | Cavalry Archer |
| 22:53 | Queue | Cavalry Archer |
| 22:53 | Queue | Cavalry Archer |
| 22:58 | Build | House |
| 23:03 | Build | House |
| 23:08 | Queue | Villager (Male) |
| 23:21 | Queue | Cavalry Archer |
| 23:22 | Queue | Cavalry Archer |
| 23:24 | Queue | Villager (Male) |
| 23:54 | Queue | Villager (Male) |
| 23:54 | Queue | Villager (Male) |
| 24:15 | Queue | Villager (Male) |
| 24:15 | Queue | Cavalry Archer |
| 24:16 | Queue | Cavalry Archer |
| 24:24 | Queue | Camel Scout |
| 24:34 | Queue | Villager (Male) |
| 24:34 | Queue | Villager (Male) |
| 24:43 | Build | Town Center |
| 24:48 | Build | Lumber Camp |
| 24:50 | Queue | Villager (Male) |
| 24:50 | Queue | Villager (Male) |
| 24:56 | Queue | Cavalry Archer |
| 24:56 | Queue | Cavalry Archer |
| 25:13 | Queue | Villager (Male) |
| 25:13 | Queue | Villager (Male) |
| 25:18 | Build | Siege Workshop |
| 25:29 | Queue | Cavalry Archer |
| 25:30 | Queue | Cavalry Archer |
| 25:58 | Queue | Villager (Male) ×5 |
| 26:11 | Research | Bloodlines |
| 26:15 | Build | House |
| 26:16 | Build | House |
| 26:19 | Research | Heavy Plow |
Match timeline
| 3:58 | sansarr_ · wall_segment Palisade Wall x7 |
| 4:38 | Sanwald · first_building Barracks |
| 4:49 | sansarr_ · wall_segment Palisade Wall x8 |
| 4:50 | sansarr_ · wall_segment Palisade Wall x7 |
| 7:11 | sansarr_ · wall_segment Palisade Wall x1 |
| 7:12 | sansarr_ · wall_segment Palisade Wall x1 |
| 7:38 | sansarr_ · wall_segment Palisade Wall x2 |
| 7:57 | sansarr_ · first_building Barracks |
| 8:27 | sansarr_ · wall_segment Palisade Wall x1 |
| 8:28 | sansarr_ · wall_segment Palisade Wall x1 |
| 8:58 | sansarr_ · first_building Archery Range |
| 10:06 | Sanwald · age_up feudal |
| 10:07 | sansarr_ · wall_segment Palisade Wall x1 |
| 10:08 | Sanwald · first_building Archery Range |
| 10:08 | sansarr_ · wall_segment Palisade Wall x1 |
| 11:49 | sansarr_ · wall_segment Palisade Wall x4 |
| 11:50 | sansarr_ · wall_segment Palisade Wall x9 |
| 13:21 | Sanwald · wall_segment Palisade Wall x1 |
| 14:04 | sansarr_ · first_building Stable |
| 14:54 | Sanwald · wall_segment Palisade Wall x3 |
| 14:59 | Sanwald · wall_segment Palisade Wall x4 |
| 15:33 | Sanwald · wall_segment Palisade Wall x5 |
| 16:06 | Sanwald · wall_segment Palisade Wall x4 |
| 17:48 | Sanwald · first_building Stable |
| 20:15 | Sanwald · age_up castle |
| 20:53 | sansarr_ · first_market_buy 100 wood |
| 24:28 | sansarr_ · first_market_sell 100 wood |
| 25:18 | Sanwald · first_building Siege Workshop |
| 26:17 | sansarr_ · first_building Siege Workshop |
| 29:22 | sansarr_ · wall_segment Palisade Wall x1 |
| 29:43 | sansarr_ · first_building Monastery |
| 31:12 | Sanwald · first_building Monastery |
| 31:29 | Sanwald · first_building Castle |
| 32:54 | Sanwald · first_market_sell 100 food |
| 34:34 | sansarr_ · first_building Castle |
| 35:43 | Sanwald · age_up imperial |
| 44:38 | sansarr_ · resign |
[ AI ANALYSIS · 1 CREDIT ]
What really happened in this match?
Wolo.gg analyzes every decision: build order, eco, micro, common mistakes by bracket. Personalized analysis on WhatsApp or Discord in 30 seconds.
Civ guide
Cumans
Perfil
Jugador #6758959